[Event "December 19 Early 2023"]
[Site "https://www.chess.com"]
[Date "2023.12.19"]
[Round "1"]
[White "Onyshchuk, Volodymyr"]
[Black "Jaque Gutierrez, Matias"]
[Result "1-0"]
[Board "91"]
[TimeControl "180+1"]
[WhiteFideId "14114038"]
[BlackFideId "3426980"]
[WhiteElo "2643"]
[BlackElo "2040"]
[WhiteTeam "UKR"]
[BlackTeam "CHI"]
[WhiteClock "0:00:10"]
[BlackClock "0:00:00"]

1. e4 c5 2. Nf3 e6 3. b3 Nf6 4. e5 Nd5 5. Bb2 Nc6 6. Be2 d6 7. exd6 Qxd6 8. O-O Be7 9. Nc3 Nxc3 10. dxc3 O-O 11. Qxd6 Bxd6 12. Rad1 Bc7 13. Bb5 Ne7 14. c4 a6 15. Bd7 Rd8 16. Bxc8 Raxc8 17. Rfe1 Nc6 18. Bc3 Nb4 19. Bxb4 cxb4 20. Kf1 Kf8 21. Ke2 f6 22. Rxd8+ Rxd8 23. Ra1 g5 24. Ne1 Be5 25. Rb1 Bc3 26. Nd3 b6 27. f3 Kf7 28. Rh1 Rd4 29. g4 h5 30. h4 hxg4 31. hxg5 gxf3+ 32. Kxf3 fxg5 33. Rh7+ Kg6 34. Rb7 g4+ 35. Kg3 Re4 36. Rxb6 Kf5 37. Rb8 Re3+ 38. Kf2 Bd4 39. Rf8+ Kg6 40. Kf1 Rf3+ 41. Rxf3 gxf3 42. Ne1 f2 43. Nd3 Kf5 44. Nxf2 Kf4 45. Ke2 e5 46. Nd3+ Ke4 47. Nxb4 Bc5 48. Nxa6 1-0

[Event "December 19 Early 2023"]
[Site "https://www.chess.com"]
[Date "2023.12.19"]
[Round "1"]
[White "Flynn, Jacob"]
[Black "Matinian, Nikita"]
[Result "1/2-1/2"]
[Board "92"]
[TimeControl "180+1"]
[WhiteFideId "2509393"]
[BlackFideId "24129100"]
[WhiteElo "2100"]
[BlackElo "2417"]
[WhiteTeam "IRL"]
[BlackTeam "FID"]
[WhiteClock "0:00:04"]
[BlackClock "0:00:02"]

1. d4 Nf6 2. c4 g6 3. g3 Bg7 4. Bg2 O-O 5. Nc3 d6 6. Nf3 c6 7. O-O Bf5 8. Nh4 Be6 9. b3 d5 10. cxd5 cxd5 11. Bb2 Nc6 12. Nf3 Rc8 13. Rc1 Qa5 14. Na4 Ne4 15. a3 b5 16. Nc5 b4 17. a4 Nc3 18. Bxc3 bxc3 19. Nxe6 fxe6 20. Bh3 Nd8 21. e3 Rc6 22. Kg2 Nf7 23. Qd3 Rfc8 24. Rc2 Qb4 25. Rb1 R8c7 26. Kg1 a6 27. Bf1 Nd6 28. h4 Ne4 29. Ng5 Nxg5 30. hxg5 Qd6 31. Rbc1 Qb4 32. Rb1 Qa5 33. Rbc1 e5 34. Bg2 e4 35. Qe2 Qb4 36. Rb1 e6 37. Bh3 Qe7 38. Qg4 Bf8 39. b4 Rc4 40. b5 axb5 41. axb5 Kf7 42. Rb3 Qd6 43. b6 Rb7 44. Rbxc3 Rxc3 45. Rxc3 Rxb6 46. Kg2 Rb2 47. Qf4+ Qxf4 48. gxf4 Be7 49. Rc6 Kf8 50. Bxe6 Bb4 51. Rc1 Bd2 52. Rc8+ Ke7 53. Bxd5 Bxe3 54. Bxe4 Rxf2+ 55. Kg3 Rxf4 56. Bf3 Rxd4 57. Rc7+ Ke6 58. Rxh7 Bxg5 59. Ra7 Bf4+ 60. Kg2 Kf6 61. Ra6+ Kf5 62. Ra5+ Kf6 63. Ra6+ Kg5 64. Ra1 Rd2+ 65. Kf1 Kh4 66. Ra8 g5 67. Be2 Kg3 68. Ra3+ Kh4 69. Rf3 Rb2 70. Rd3 g4 71. Rd4 Kg3 72. Rd3+ Kh2 73. Bxg4 Bg3 74. Bf3 Rf2+ 75. Ke1 Kg1 76. Kd1 Rf1+ 77. Kc2 Rf2+ 78. Kb3 Bf4 79. Bd5 Kh2 80. Kc4 Kg1 81. Rf3 Rxf3 82. Bxf3 1/2-1/2

[Event "December 19 Early 2023"]
[Site "https://www.chess.com"]
[Date "2023.12.19"]
[Round "1"]
[White "IM_ArthurDW08"]
[Black "Ovezdurdyyeva, Jemal"]
[Result "1-0"]
[Board "93"]
[TimeControl "180+1"]
[BlackFideId "14001888"]
[WhiteElo "2756"]
[BlackElo "2086"]
[BlackTeam "TKM"]
[WhiteClock "0:00:46"]
[BlackClock "0:00:53"]

1. e4 d6 2. d4 Nf6 3. Nc3 g6 4. Be3 c6 5. f4 b5 6. Bd3 b4 7. Nce2 Bg7 8. Nf3 O-O 9. O-O Nbd7 10. c3 a5 11. e5 Nd5 12. Bf2 Qc7 13. c4 N5b6 14. b3 c5 15. Be4 Rb8 16. Rc1 Bb7 17. Bxb7 Rxb7 18. dxc5 dxc5 19. Ng3 Rd8 20. Qe2 e6 21. Ne4 a4 22. Rfd1 axb3 23. axb3 Ra7 24. Nxc5 Nxc5 25. Rxd8+ Qxd8 26. Bxc5 Ra3 27. Qe3 Nd7 28. Bxb4 Ra2 29. Rd1 Qc8 30. Qd4 Nf8 31. Rd2 Ra7 32. Qxa7 1-0

[Event "December 19 Early 2023"]
[Site "https://www.chess.com"]
[Date "2023.12.19"]
[Round "1"]
[White "Melikhov, Evgeny V."]
[Black "Javakhadze, Zurab"]
[Result "0-1"]
[Board "94"]
[TimeControl "180+1"]
[WhiteFideId "4122046"]
[BlackFideId "13603647"]
[WhiteElo "2165"]
[BlackElo "2374"]
[WhiteTeam "GRE"]
[BlackTeam "GEO"]
[WhiteClock "0:00:00"]
[BlackClock "0:00:02"]

1. d4 Nf6 2. c4 e6 3. Nc3 Bb4 4. Qc2 d5 5. cxd5 exd5 6. Bg5 h6 7. Bxf6 Qxf6 8. a3 Bxc3+ 9. Qxc3 c6 10. e3 O-O 11. Nf3 Nd7 12. Be2 Re8 13. O-O Nf8 14. Rfc1 Ng6 15. b4 Nf4 16. Bd1 Ng6 17. Be2 Bg4 18. Ra2 Rac8 19. Qc5 a6 20. Qb6 Re7 21. Rac2 Bf5 22. Rc3 Nf4 23. Bf1 Ng6 24. a4 Ra8 25. b5 cxb5 26. Qxf6 gxf6 27. axb5 a5 28. b6 Re6 29. Rc8+ Rxc8 30. Rxc8+ Kg7 31. Ra8 Rxb6 32. Rxa5 Rb1 33. Nd2 Rd1 34. Ra2 Ne7 35. f3 Nc6 36. Kf2 Bc8 37. Be2 Rc1 38. Rb2 Kf8 39. Nb3 Rc3 40. Nc5 Nd8 41. e4 dxe4 42. fxe4 Ra3 43. d5 Ke7 44. h3 Kd6 45. Nd3 Ra4 46. Ke3 f5 47. Bf3 fxe4 48. Bxe4 f5 49. Bf3 Nf7 50. Rb6+ Ke7 51. Nf4 Ne5 0-1

[Event "December 19 Early 2023"]
[Site "https://www.chess.com"]
[Date "2023.12.19"]
[Round "1"]
[White "Chan, Yi Ren Daniel"]
[Black "Marchesich, Giovanni"]
[Result "1-0"]
[Board "95"]
[TimeControl "180+1"]
[WhiteFideId "5801583"]
[BlackFideId "2824790"]
[WhiteElo "2375"]
[BlackElo "2198"]
[WhiteTeam "SGP"]
[BlackTeam "ITA"]
[WhiteClock "0:00:26"]
[BlackClock "0:00:00"]

1. e4 e5 2. Nf3 Nc6 3. Bc4 Nf6 4. Ng5 d5 5. exd5 Na5 6. Bb5+ c6 7. dxc6 bxc6 8. Bd3 Ng4 9. Nf3 Bc5 10. O-O f5 11. b4 Bxb4 12. Nxe5 Nxe5 13. Re1 O-O 14. Rxe5 Qd4 15. Rxa5 Bxa5 16. Nc3 Rb8 17. Ba3 Re8 18. Qh5 Qe5 19. Rf1 Be6 20. Ne2 g6 21. Qh4 Bd8 22. Qa4 Bc7 23. g3 Bd5 24. Nf4 Be4 25. Bc4+ Bd5 26. Qxc6 Bxc4 27. Qxc4+ Kh8 28. Bb4 Bb6 29. Bc3 Bd4 30. Bxd4 1-0

[Event "December 19 Early 2023"]
[Site "https://www.chess.com"]
[Date "2023.12.19"]
[Round "1"]
[White "Sahil, Tickoo"]
[Black "Kozak, Antoni"]
[Result "0-1"]
[Board "96"]
[TimeControl "180+1"]
[WhiteFideId "5019710"]
[BlackFideId "21832030"]
[WhiteElo "2086"]
[BlackElo "2470"]
[WhiteTeam "IND"]
[BlackTeam "POL"]
[WhiteClock "0:01:02"]
[BlackClock "0:01:30"]

1. d4 Nf6 2. c4 e6 3. Nc3 d5 4. cxd5 exd5 5. Bg5 c6 6. e3 Be6 7. Bd3 Nbd7 8. Nge2 h6 9. Bh4 g5 10. Bg3 Nh5 11. Qc2 Nxg3 12. Nxg3 h5 13. Bf5 Qf6 14. Bxe6 fxe6 15. O-O-O O-O-O 16. Kb1 h4 17. Nf1 h3 18. g3 Qf3 19. Rg1 Bb4 20. Qe2 Rdf8 21. Rd2 Nb6 22. Rc2 Nc4 23. Qxf3 Rxf3 24. Nd2 Nxd2+ 25. Rxd2 Rhf8 26. Rf1 Rxe3 27. Kc2 Bxc3 28. bxc3 Rff3 29. fxe3 Rxf1 30. Kd3 Kd7 31. c4 g4 32. cxd5 exd5 33. Rb2 b6 34. Rc2 Kd6 35. Ke2 Rh1 36. Kd3 Rd1+ 37. Ke2 Rg1 38. Kd3 Rg2 39. Rc1 Rxh2 0-1

[Event "December 19 Early 2023"]
[Site "https://www.chess.com"]
[Date "2023.12.19"]
[Round "1"]
[White "Gabrielian, Artur"]
[Black "Figorito, Nick"]
[Result "1-0"]
[Board "97"]
[TimeControl "180+1"]
[WhiteFideId "4131002"]
[BlackFideId "30923689"]
[WhiteElo "2441"]
[BlackElo "2420"]
[WhiteTeam "RUS"]
[BlackTeam "USA"]
[WhiteClock "0:00:07"]
[BlackClock "0:00:00"]

1. e4 e6 2. d4 d5 3. Nc3 Bb4 4. e5 c5 5. a3 Bxc3+ 6. bxc3 Ne7 7. Qg4 Kf8 8. Bd2 b6 9. h4 Ba6 10. Bd3 Bxd3 11. cxd3 Nd7 12. h5 h6 13. Rh3 Qc7 14. Ne2 Nf5 15. Qf4 Rc8 16. g4 Ne7 17. Rf3 f6 18. Qe3 Kf7 19. exf6 Nxf6 20. dxc5 bxc5 21. Nf4 Qd6 22. Nh3 Kg8 23. Qf4 Qxf4 24. Rxf4 Kh7 25. Ra4 Nc6 26. f3 Rb8 27. Nf4 Rb2 28. Kd1 e5 29. Ng6 Rhb8 30. Ra6 R8b6 31. Rxb6 Rxb6 32. Kc2 e4 33. dxe4 dxe4 34. fxe4 Nxg4 35. Rf1 Nge5 36. Nf8+ Kg8 37. Ne6 Rb8 38. Nxc5 Rc8 39. Nd3 Nc4 40. Bc1 Rd8 41. Nb4 N6e5 42. Nd5 Kh7 43. Rf5 Rb8 44. Ne3 Nxe3+ 45. Bxe3 Nc4 46. Bc1 Re8 47. Kd3 Ne5+ 48. Ke2 Ng4 49. Kd3 Nf6 50. e5 Nd5 51. c4 Ne7 52. Rf7 Nc6 53. Rc7 Nxe5+ 54. Kc3 Nf3 55. Rxa7 Nh2 56. a4 Ng4 57. a5 Nf6 58. a6 Nxh5 59. Rb7 Ra8 60. a7 Nf6 61. Be3 Ne4+ 62. Kb4 Nd6 63. Rb8 Rxa7 64. Bxa7 Nf5 65. c5 Nd4 66. Kc4 Nc6 67. Ra8 h5 68. Bb6 h4 69. Kd5 Ne7+ 70. Ke6 Ng6 71. Ra3 Nf4+ 72. Kf5 h3 73. Kxf4 h2 74. Rc3 h1=Q 75. Rf3 Qh4+ 76. Ke3 Qe7+ 77. Kd4 Qd7+ 78. Kc3 Qc6 79. Rd3 Qa4 80. Rd4 Qa3+ 81. Kc4 Qa4+ 82. Kd5 Qb3+ 83. Kd6 Qg3+ 84. Kc6 Qg6+ 85. Rd6 Qe4+ 86. Kc7 Qe7+ 87. Rd7 Qe5+ 88. Kb7 Qe4+ 89. c6 Kh6 90. Bd4 1-0

[Event "December 19 Early 2023"]
[Site "https://www.chess.com"]
[Date "2023.12.19"]
[Round "1"]
[White "Dwilewicz, Katarzyna"]
[Black "Weetik, Vjacheslav"]
[Result "0-1"]
[Board "98"]
[TimeControl "180+1"]
[WhiteFideId "1148486"]
[BlackFideId "4153472"]
[WhiteElo "2098"]
[BlackElo "2469"]
[WhiteTeam "POL"]
[BlackTeam "RUS"]
[WhiteClock "0:00:23"]
[BlackClock "0:00:04"]

1. e4 c6 2. d4 d5 3. f3 dxe4 4. fxe4 e5 5. Nf3 Bg4 6. Bc4 Nd7 7. O-O Bh5 8. Qe1 Bxf3 9. Rxf3 Ngf6 10. Bg5 Qb6 11. Nc3 Qxd4+ 12. Be3 Qxc4 13. b3 Qe6 14. Rd1 Bb4 15. Bg5 h6 16. Qh4 O-O-O 17. Bc1 Nc5 18. Rdf1 Bxc3 19. Rxc3 Ncxe4 20. Rc4 Nd2 21. Bxd2 Rxd2 22. Ra4 a6 23. Qg3 Rhd8 24. h3 g5 25. Qf3 R8d6 26. Rc4 e4 27. Qe3 Rd1 28. Qe2 Rxf1+ 29. Qxf1 Nd5 30. Qe2 f5 31. g3 Qe5 32. Kg2 Nf6 33. a4 f4 34. Kh2 e3 35. gxf4 gxf4 36. Qf3 Rd2+ 37. Kh1 Qg5 38. Rxf4 Rd1+ 39. Qxd1 Qxf4 40. Qe2 Ne4 41. Kg2 Qg3+ 42. Kf1 Nd2+ 43. Qxd2 exd2 0-1

[Event "December 19 Early 2023"]
[Site "https://www.chess.com"]
[Date "2023.12.19"]
[Round "1"]
[White "Martinez Ramirez, Lennis"]
[Black "Cansun, Can Alp"]
[Result "1-0"]
[Board "99"]
[TimeControl "180+1"]
[WhiteFideId "3509079"]
[BlackFideId "6390188"]
[WhiteElo "2405"]
[BlackElo "2031"]
[WhiteTeam "CUB"]
[BlackTeam "TUR"]
[WhiteClock "0:00:10"]
[BlackClock "0:00:00"]

1. d4 Nf6 2. Nf3 e6 3. Bg5 d5 4. Nbd2 c5 5. e4 dxe4 6. Nxe4 Nbd7 7. dxc5 Qa5+ 8. Bd2 Qc7 9. Nxf6+ Nxf6 10. b4 a5 11. a3 Be7 12. Bd3 O-O 13. O-O b6 14. cxb6 Qxb6 15. bxa5 Qc7 16. Bb4 Ba6 17. c4 Rfc8 18. Rc1 Qf4 19. g3 Qc7 20. Qe2 Rab8 21. c5 Bb7 22. a6 Ba8 23. Nd2 Qc6 24. f3 Nd5 25. Rc4 Qxa6 26. Rh4 Qa7 27. Bxh7+ Kf8 28. Be4 Bxc5+ 29. Kh1 Bxb4 30. axb4 Nxb4 31. Bxa8 Qxa8 32. Qe5 Qd5 33. Qf4 Nd3 34. Rh8+ Ke7 35. Qh4+ Kd7 36. Rxc8 Rxc8 37. Qa4+ Qc6 38. Qd4+ Qd6 39. Qxg7 Ne5 40. Ne4 Qe7 41. Qxe5 1-0

[Event "December 19 Early 2023"]
[Site "https://www.chess.com"]
[Date "2023.12.19"]
[Round "1"]
[White "Recuero Guerra, Javier"]
[Black "Schmakel, Sam"]
[Result "0-1"]
[Board "100"]
[TimeControl "180+1"]
[WhiteFideId "2254085"]
[BlackFideId "2039311"]
[WhiteElo "2208"]
[BlackElo "2356"]
[WhiteTeam "ESP"]
[BlackTeam "USA"]
[WhiteClock "0:00:00"]
[BlackClock "0:00:19"]

1. Nf3 d5 2. g3 Nc6 3. Bg2 e5 4. d3 Nf6 5. c3 a5 6. a4 Be7 7. Na3 O-O 8. O-O Re8 9. Nb5 h6 10. Qc2 Bf5 11. Nh4 Bh7 12. e4 dxe4 13. dxe4 Bc5 14. Be3 Bxe3 15. fxe3 Qe7 16. Nf5 Bxf5 17. exf5 e4 18. Rf4 Rad8 19. Nd4 Ne5 20. Qe2 Nd3 21. Rh4 c5 22. Nc2 Qd7 23. Na3 Qxa4 24. Rf1 Qb3 25. Rb1 b5 26. g4 b4 27. cxb4 axb4 28. Nc2 Qa2 29. Rf1 Qxb2 0-1

[Event "December 19 Early 2023"]
[Site "https://www.chess.com"]
[Date "2023.12.19"]
[Round "1"]
[White "Halkias, Stelios"]
[Black "Ohler, Julius"]
[Result "1-0"]
[Board "101"]
[TimeControl "180+1"]
[WhiteFideId "4201809"]
[BlackFideId "16238982"]
[WhiteElo "2462"]
[BlackElo "2200"]
[WhiteTeam "GRE"]
[BlackTeam "GER"]
[WhiteClock "0:01:32"]
[BlackClock "0:01:33"]

1. Nf3 d5 2. d4 Nf6 3. c4 e6 4. g3 dxc4 5. Bg2 Nc6 6. O-O Rb8 7. Nc3 b5 8. Ne5 Nxe5 9. dxe5 Nd7 10. Bc6 a6 11. a4 b4 12. Ne4 Rb6 13. Bg5 Be7 14. Bxe7 Qxe7 15. Bxd7+ Bxd7 16. Qd4 Bc6 17. Nd6+ Kf8 18. Nc8 Qd7 19. Qc5+ Ke8 20. Nxb6 cxb6 21. Qxb6 1-0

[Event "December 19 Early 2023"]
[Site "https://www.chess.com"]
[Date "2023.12.19"]
[Round "1"]
[White "Garrido, Denis"]
[Black "Starozhilov, Leonid"]
[Result "0-1"]
[Board "102"]
[TimeControl "180+1"]
[WhiteFideId "601217"]
[BlackFideId "14106752"]
[WhiteElo "2417"]
[BlackElo "2246"]
[WhiteTeam "FRA"]
[BlackTeam "UKR"]
[WhiteClock "0:01:36"]
[BlackClock "0:02:01"]

1. e4 c5 2. Nf3 e6 3. d4 cxd4 4. Nxd4 a6 5. h3 b5 6. a4 b4 7. Bd3 Bb7 8. O-O Ne7 9. Be3 Nbc6 10. Nd2 Nxd4 11. Bxd4 Nc6 12. Be3 Ne5 13. Nc4 Nxc4 14. Bxc4 Qc7 15. Bd3 Bc5 16. Bxc5 Qxc5 17. Qg4 O-O 18. a5 Rac8 19. Rfe1 d6 20. Re3 Qe5 21. Ra2 Rc5 22. Kh1 b3 0-1

[Event "December 19 Early 2023"]
[Site "https://www.chess.com"]
[Date "2023.12.19"]
[Round "1"]
[White "Volovich, Vasily"]
[Black "Goncalves, Davi Sulzbacher"]
[Result "1-0"]
[Board "103"]
[TimeControl "180+1"]
[WhiteFideId "34169676"]
[BlackFideId "2154510"]
[WhiteElo "2313"]
[BlackElo "2175"]
[WhiteTeam "RUS"]
[BlackTeam "BRA"]
[WhiteClock "0:00:05"]
[BlackClock "0:00:00"]

1. d4 Nf6 2. Nc3 d5 3. Bf4 Bf5 4. Nb5 Na6 5. e3 e6 6. Nf3 Be7 7. Ne5 O-O 8. g4 Bg6 9. h4 h5 10. Nxg6 fxg6 11. g5 Ne4 12. Bd3 Qd7 13. f3 Rxf4 14. exf4 Ng3 15. Rg1 Nf5 16. Bxf5 exf5 17. Nc3 Re8 18. Kf2 Bd6 19. Qd2 c5 20. Nxd5 cxd4 21. Rge1 Rc8 22. Kg3 Bc5 23. Re5 Bd6 24. Qxd4 Bxe5 25. Qxe5 Rxc2 26. Rd1 Qf7 27. Ne7+ Kh7 28. Rd7 Nc5 29. Rc7 Ne6 30. Rxc2 Qxe7 31. Re2 1-0

[Event "December 19 Early 2023"]
[Site "https://www.chess.com"]
[Date "2023.12.19"]
[Round "1"]
[White "Wanyama, Harold"]
[Black "Krzyzanowski, Marcin"]
[Result "1/2-1/2"]
[Board "104"]
[TimeControl "180+1"]
[WhiteFideId "10000380"]
[BlackFideId "1132199"]
[WhiteElo "2228"]
[BlackElo "2471"]
[WhiteTeam "UGA"]
[BlackTeam "POL"]
[WhiteClock "0:00:33"]
[BlackClock "0:00:03"]

1. d4 Nf6 2. c4 e6 3. g3 c5 4. d5 exd5 5. cxd5 d6 6. Nc3 g6 7. Bg2 Bg7 8. Nf3 O-O 9. O-O Re8 10. Nd2 a6 11. a4 Nbd7 12. a5 b5 13. axb6 Nxb6 14. Re1 Ng4 15. h3 Ne5 16. Qc2 h5 17. e4 c4 18. Bf1 h4 19. f4 Nd3 20. Bxd3 cxd3 21. Qxd3 Bxh3 22. Nf3 Nd7 23. Nxh4 Nc5 24. Qc2 Rb8 25. Nf3 Qd7 26. Ng5 Nb3 27. Rxa6 Nxc1 28. Qxc1 f6 29. Ne6 Bxe6 30. dxe6 Rxe6 31. Nd5 Rc8 32. Qd2 Rce8 33. Qd3 f5 34. e5 Qb7 35. Rb6 Qa7 36. Qe3 dxe5 37. Rxe6 Qxe3+ 38. Rxe3 Rxe6 39. fxe5 Bxe5 40. Kg2 Kf7 41. b4 Bd4 42. Rxe6 Kxe6 43. Nf4+ Kf6 44. b5 g5 45. Nd5+ Ke5 46. Nb4 Bb6 47. Kf3 g4+ 48. Kg2 Kd4 49. Nc6+ Kd5 50. Ne7+ Ke6 51. Nc8 Bd8 52. b6 Kd7 53. b7 Kc7 54. Nd6 Kb8 55. Nxf5 Kxb7 56. Ne3 Bc7 57. Nxg4 Bxg3 1/2-1/2

[Event "December 19 Early 2023"]
[Site "https://www.chess.com"]
[Date "2023.12.19"]
[Round "1"]
[White "Pakleza, Zbigniew"]
[Black "Begunov, Konstantin"]
[Result "1-0"]
[Board "105"]
[TimeControl "180+1"]
[WhiteFideId "1119290"]
[BlackFideId "4118510"]
[WhiteElo "2410"]
[BlackElo "2082"]
[WhiteTeam "POL"]
[BlackTeam "RUS"]
[WhiteClock "0:00:55"]
[BlackClock "0:00:00"]

1. d4 d5 2. Bf4 c6 3. e3 Nf6 4. Nf3 Bg4 5. c4 e6 6. Nc3 Bd6 7. Bg3 Bxg3 8. hxg3 Nbd7 9. Bd3 a6 10. Qb3 Bxf3 11. gxf3 b5 12. cxd5 cxd5 13. g4 Nb6 14. g5 Nfd7 15. f4 h5 16. g6 f5 17. Ke2 Qe7 18. a4 b4 19. Nb1 a5 20. Nd2 Qf6 21. Rag1 Rc8 22. Bb5 Ke7 23. Qd3 Nf8 24. Rg5 h4 25. Nb3 Nc4 26. Qc2 Rh6 27. Nxa5 1-0

[Event "December 19 Early 2023"]
[Site "https://www.chess.com"]
[Date "2023.12.19"]
[Round "1"]
[White "Miszler, Levente"]
[Black "Srihari L R"]
[Result "0-1"]
[Board "106"]
[TimeControl "180+1"]
[WhiteFideId "763276"]
[BlackFideId "46617116"]
[WhiteElo "2186"]
[BlackElo "2338"]
[WhiteTeam "HUN"]
[BlackTeam "IND"]
[WhiteClock "0:01:45"]
[BlackClock "0:00:50"]

1. Nf3 d5 2. c4 d4 3. e3 Nc6 4. exd4 Nxd4 5. Nxd4 Qxd4 6. Nc3 Nh6 7. Nb5 Qd8 8. d4 c6 9. Nc3 Nf5 10. Be3 Nxe3 11. fxe3 e5 12. Be2 Qg5 13. Qd3 exd4 14. exd4 Qxg2 15. O-O-O Qg5+ 16. Kb1 Bf5 17. Ne4 Qg6 18. Bf3 O-O-O 19. Rhe1 Bb4 20. Re2 Rhe8 21. c5 Bxc5 22. Qc2 Bxd4 23. Nd6+ Rxd6 24. Rxe8+ Kd7 25. Be4 Kxe8 26. Bxf5 Qf6 27. Qe4+ Kf8 28. Re1 g6 29. Bg4 Kg7 30. Re2 h5 31. Bf3 Re6 32. Qd3 Rxe2 33. Qxe2 Qe5 34. Qxe5+ Bxe5 35. Kc2 Bxh2 36. Kd3 0-1

[Event "December 19 Early 2023"]
[Site "https://www.chess.com"]
[Date "2023.12.19"]
[Round "1"]
[White "Maurizzi, Marc`Andria"]
[Black "Wael Sabry, Mina"]
[Result "1-0"]
[Board "107"]
[TimeControl "180+1"]
[WhiteFideId "36083534"]
[BlackFideId "10670173"]
[WhiteElo "2417"]
[BlackElo "1861"]
[WhiteTeam "FRA"]
[BlackTeam "EGY"]
[WhiteClock "0:00:13"]
[BlackClock "0:00:00"]

1. e4 c5 2. Nf3 d6 3. d4 cxd4 4. Nxd4 Nf6 5. Nc3 a6 6. b4 e5 7. Nf3 Be6 8. a3 Qc7 9. Nd5 Bxd5 10. exd5 e4 11. Ng5 b5 12. Bb2 Be7 13. Rc1 Nbd7 14. c4 bxc4 15. Rxc4 Qb7 16. Nxe4 Rc8 17. Rxc8+ Qxc8 18. Bd3 Nxd5 19. O-O O-O 20. Bxa6 Qxa6 21. Qxd5 Rc8 22. Re1 Rc2 23. Qd4 Ne5 24. f4 Rc4 25. Qd2 Ng6 26. g3 Qc6 27. Nc3 Bf6 28. Re8+ Nf8 29. Nd5 Qxe8 30. Bxf6 Kh8 31. Bb2 Qe4 32. Ne3 Rc8 33. f5 f6 34. b5 Nd7 35. Bd4 Ra8 36. Qb4 1-0

[Event "December 19 Early 2023"]
[Site "https://www.chess.com"]
[Date "2023.12.19"]
[Round "1"]
[White "Nilsson, Joakim"]
[Black "Pultinevicius, Paulius"]
[Result "1-0"]
[Board "108"]
[TimeControl "180+1"]
[WhiteFideId "1723383"]
[BlackFideId "12809390"]
[WhiteElo "2143"]
[BlackElo "2587"]
[WhiteTeam "SWE"]
[BlackTeam "LTU"]
[WhiteClock "0:00:45"]
[BlackClock "0:00:00"]

1. Nf3 Nf6 2. d4 g6 3. Bg5 Bg7 4. c3 h6 5. Bh4 d6 6. Nbd2 O-O 7. e4 c5 8. dxc5 dxc5 9. Bc4 Nc6 10. Qe2 Nh5 11. Qe3 b6 12. e5 Qc7 13. e6 f5 14. O-O-O Na5 15. Bd5 Bb7 16. Bxb7 Qxb7 17. Ne5 g5 18. Bxg5 hxg5 19. Qxg5 Nf6 20. Ndf3 Ne4 21. Qh4 Rad8 22. Nd7 Nc4 23. Qxe7 Qa6 24. Nxf8 Bxf8 25. Qf7+ Kh8 26. Rxd8 1-0

[Event "December 19 Early 2023"]
[Site "https://www.chess.com"]
[Date "2023.12.19"]
[Round "1"]
[White "Leiva, Gianmarco"]
[Black "Tay, Junior"]
[Result "1-0"]
[Board "109"]
[TimeControl "180+1"]
[WhiteFideId "3804399"]
[BlackFideId "5800439"]
[WhiteElo "2338"]
[BlackElo "2216"]
[WhiteTeam "PER"]
[BlackTeam "SGP"]
[WhiteClock "0:00:04"]
[BlackClock "0:00:13"]

1. d4 d5 2. c4 e6 3. Nf3 c5 4. g3 Nc6 5. Bg2 Nf6 6. O-O cxd4 7. Nxd4 Bc5 8. Nb3 Bb6 9. cxd5 exd5 10. Nc3 d4 11. Na4 O-O 12. Nac5 Re8 13. Bg5 Qe7 14. Ne4 Bf5 15. Nxf6+ gxf6 16. Bh4 Rad8 17. Re1 a5 18. Rc1 a4 19. Nd2 Ba5 20. Bxc6 bxc6 21. Rxc6 Rd6 22. Rc5 Bxd2 23. Qxd2 Bg6 24. Rcc1 Qb7 25. Rc4 d3 26. exd3 Rxe1+ 27. Qxe1 Re6 28. Qc1 Re8 29. Bxf6 Qa6 30. Bc3 Qe6 31. Qh6 f6 32. Rc7 Re7 33. Rxe7 Qxe7 34. Qe3 Qd7 35. Qd4 Qxd4 36. Bxd4 Kf7 37. b3 axb3 38. axb3 Bxd3 39. f3 f5 40. Kf2 Ke6 41. Ke3 Bc2 42. b4 Kd5 43. Bc5 Ke5 44. Bd4+ Kd5 45. Ba7 Ke5 46. Bb8+ Kd5 47. Kf4 Kc4 48. Bd6 Kd5 49. Bc5 Kc4 50. h4 Kd5 51. Bf2 Bd3 52. h5 Be2 53. Be1 Bd3 54. Bd2 Bc2 55. Kg5 Ke6 56. Kh6 Bd3 57. f4 Be2 58. b5 Bxb5 59. Kxh7 Kf7 60. Kh6 Be2 61. Bc3 Bg4 62. Kg5 Kg8 63. Kg6 Be2 64. h6 Kf8 65. h7 Ke7 66. h8=Q Ke6 67. Qe5+ Kd7 68. Qxe2 Kd6 69. Qe5+ Kc6 70. Bd4 Kd7 71. Qd5+ Ke7 72. Qc6 Kf8 73. Qd7 Kg8 74. Qe8# 1-0

[Event "December 19 Early 2023"]
[Site "https://www.chess.com"]
[Date "2023.12.19"]
[Round "1"]
[White "Balint, Vilmos"]
[Black "Harshavardhan G B"]
[Result "0-1"]
[Board "110"]
[TimeControl "180+1"]
[WhiteFideId "718050"]
[BlackFideId "25059009"]
[WhiteElo "2139"]
[BlackElo "2290"]
[WhiteTeam "HUN"]
[BlackTeam "IND"]
[WhiteClock "0:02:11"]
[BlackClock "0:02:00"]

1. e4 e5 2. f4 Bc5 3. Nf3 d6 4. Bc4 Nf6 5. Qe2 Nc6 6. fxe5 dxe5 7. Bxf7+ Kxf7 8. Qc4+ Ke8 9. Qxc5 Nxe4 10. Qe3 Nd6 11. Nxe5 Nf5 12. Qe4 Qe7 13. d4 Nfxd4 14. Bf4 Bf5 15. Qe3 Nxc2+ 0-1

[Event "December 19 Early 2023"]
[Site "https://www.chess.com"]
[Date "2023.12.19"]
[Round "1"]
[White "Rostomyan, Mikayel"]
[Black "Smolka, Marcin"]
[Result "0-1"]
[Board "111"]
[TimeControl "180+1"]
[WhiteFideId "13313754"]
[BlackFideId "1139681"]
[WhiteElo "2059"]
[BlackElo "2117"]
[WhiteTeam "ARM"]
[BlackTeam "POL"]
[WhiteClock "0:00:00"]
[BlackClock "0:00:18"]

1. c4 e6 2. g3 d5 3. Bg2 c6 4. b3 Nf6 5. Bb2 Be7 6. Nf3 O-O 7. O-O a6 8. d3 b5 9. Nbd2 Nbd7 10. a4 bxc4 11. bxc4 Rb8 12. Qc2 Nc5 13. Bd4 Nfd7 14. Rfc1 f6 15. Rab1 Rxb1 16. Rxb1 e5 17. Bc3 d4 18. Bb4 a5 19. Ba3 Na6 20. Qb2 Bb4 21. Nb3 c5 22. Nfd2 Nb6 23. Bxb4 axb4 24. Ra1 Bd7 25. a5 Na4 26. Qc2 Nc3 27. Ne4 Qe7 28. Nxc3 bxc3 29. Bb7 Nb4 30. Qc1 Bc8 31. a6 Bxb7 32. axb7 Qxb7 33. Nxc5 Qc6 34. Nb3 Na6 35. Qa3 Nc7 36. Qb4 Ne6 37. Ra7 Ng5 38. f3 h5 39. Kf2 h4 40. gxh4 Nh3+ 41. Kf1 Qe6 42. Qb7 Rf7 43. Qxf7+ Qxf7 44. Rxf7 Kxf7 45. Kg2 Nf4+ 46. Kf2 Ne6 47. e3 Ke7 48. f4 Kd6 49. fxe5+ fxe5 50. Kf3 Nc5 51. Nc1 Ke6 52. h5 Kf5 53. h4 Kf6 54. e4 Ne6 55. Kg4 Nf4 56. Kf3 Nxh5 57. Nb3 Nf4 58. c5 Nxd3 59. c6 Ke6 60. Ke2 Nf4+ 61. Kf3 Kd6 62. Kg4 Kxc6 63. Kf5 d3 64. Kxe5 d2 65. Na5+ Kb5 66. Nb7 d1=Q 0-1

[Event "December 19 Early 2023"]
[Site "https://www.chess.com"]
[Date "2023.12.19"]
[Round "1"]
[White "Bach Ngoc Thuy Duong"]
[Black "Liyanage, Ranindu Dilshan"]
[Result "0-1"]
[Board "112"]
[TimeControl "180+1"]
[WhiteFideId "12408956"]
[BlackFideId "9915834"]
[WhiteElo "1970"]
[BlackElo "2198"]
[WhiteTeam "VIE"]
[BlackTeam "SRI"]
[WhiteClock "0:00:13"]
[BlackClock "0:00:13"]

1. d4 d5 2. c4 e6 3. Nc3 Nf6 4. cxd5 exd5 5. Bg5 Bb4 6. Qc2 h6 7. Bh4 Nc6 8. e3 g5 9. Bg3 h5 10. h3 Ne4 11. Bh2 Qe7 12. Nf3 g4 13. hxg4 Bxg4 14. Ne5 Nxe5 15. Bxe5 f6 16. Bf4 O-O-O 17. f3 Nxc3 18. bxc3 Bd6 19. Bxd6 Qxe3+ 20. Be2 Rxd6 21. fxg4 Re6 22. Qd2 Rhe8 23. Qxe3 Rxe3 24. gxh5 Rxe2+ 25. Kf1 R2e3 26. Rc1 Kd7 27. Kf2 Re2+ 28. Kg3 Rg8+ 29. Kf3 Rexg2 30. h6 R2g3+ 31. Kf4 Ke6 32. h7 R8g4# 0-1